 Dungeon Crawl Stone Soup version 0.21.1-1-g345015fe64 (webtiles) character file.

58398 PikkenKukken the Basher (level 14, -1/87 HPs)
             Began as a Gargoyle Fighter on June 7, 2018.
             Was a High Priest of the Shining One.
             Slain by a red ugly thing (34 damage)
             ... on level 12 of the Dungeon.
             The game lasted 01:55:36 (30181 turns).

PikkenKukken the Basher (Gargoyle Fighter)         Turns: 30181, Time: 01:55:36

Health: -1/87      AC: 33    Str: 22    XL:     14   Next: 90%
Magic:  27/27      EV: 11    Int: 10    God:    the Shining One [*****.]
Gold:   1045       SH: 14    Dex: 13    Spells: 29/31 levels left

rFire    x . .     SeeInvis .   b - +0 eveningstar (protect)
rCold    + + .     Gourm    .   c - +1 shield
rNeg     + + +     Faith    .   W - +0 ice dragon scales
rPois    ∞         Spirit   .   (helmet restricted)
rElec    +         Reflect  .   (no cloak)
rCorr    .         Harm     .   i - +0 pair of gloves
MR       +....                  (no boots)
Stlth    ..........             d - amulet of rage
HPRegen  0.24/turn              F - ring of wizardry
MPRegen  0.20/turn              (no ring)

@: protection aura, flying, glowing
A: big wings, horns 1, thin metallic scales 1, negative energy resistance 1,
electricity resistance, strong 1, unbreathing, petrification resistance, rot
immunity, AC +10
a: Stop Flying, Divine Shield, Cleansing Flame, Summon Divine Warrior, Renounce
Religion, Evoke Berserk Rage


You were on level 12 of the Dungeon.
You worshipped the Shining One.
The Shining One was extremely pleased with you.
You were hungry.

You visited 2 branches of the dungeon, and saw 18 of its levels.

You collected 1501 gold pieces.
You spent 456 gold pieces at shops.

Inventory:

Hand Weapons
 b - a +0 eveningstar of protection (weapon)
 o - a +5 whip
Missiles
 u - 23 bolts
Armour
 c - a +1 shield (worn)
 i - a +0 pair of gloves (worn)
 Q - a +0 plate armour
 W - +0 ice dragon scales (worn)
Jewellery
 d - an amulet of rage (around neck)
 p - an uncursed ring of ice
 y - an uncursed amulet of magic regeneration
 F - a ring of wizardry (left hand)
 T - an uncursed ring of loudness
 V - an uncursed amulet of guardian spirit
Wands
 l - a wand of polymorph (14)
 t - a wand of flame (118)
 C - a wand of enslavement (18)
 E - a wand of acid (32)
 M - a wand of iceblast (11)
 N - a wand of disintegration (15)
Scrolls
 e - 6 scrolls of teleportation
 h - 3 scrolls of amnesia
 j - 3 scrolls of fog
 m - 12 scrolls of remove curse
 n - 18 scrolls of identify
 q - 4 scrolls of blinking
 s - 3 scrolls of fear
 v - a scroll of holy word
 w - a scroll of noise
 z - 4 scrolls of enchant armour
 A - 2 scrolls of enchant weapon
 L - a scroll of magic mapping
Potions
 a - a potion of ambrosia
 k - 4 potions of curing
 r - 5 potions of agility
 x - 2 potions of brilliance
 B - a potion of haste
 H - 3 potions of heal wounds
 I - a potion of cancellation
 P - a potion of berserk rage
 S - a potion of magic
Books
 g - a book of Minor Magic

   Spells                             Type                      Level
   a - Magic Dart                     Conjuration                  1
   b - Blink                          Translocation                2
   c - Call Imp                       Summoning                    2
   d - Slow                           Hexes                        2
   e - Conjure Flame                  Conjuration/Fire             3
   f - Mephitic Cloud                 Conjuration/Poison/Air       3
 J - a book of Party Tricks

   Spells                             Type                      Level
   a - Summon Butterflies             Summoning                    1
   b - Apportation                    Translocation                1
   c - Lesser Beckoning               Translocation                3
   d - Tukima's Dance                 Hexes                        3
   e - Alistair's Intoxication        Transmutation/Poison         5
   f - Invisibility                   Hexes                        6
 K - a book of Geomancy

   Spells                             Type                      Level
   a - Sandblast                      Earth                        1
   b - Passwall                       Transmutation/Earth          2
   c - Stone Arrow                    Conjuration/Earth            3
   d - Petrify                        Transmutation/Earth          4
   e - Lee's Rapid Deconstruction     Earth                        5
 R - a book of Ice

   Spells                             Type                      Level
   a - Ice Form                       Ice/Transmutation            4
   b - Metabolic Englaciation         Hexes/Ice                    5
   c - Ozocubu's Refrigeration        Ice                          6
   d - Bolt of Cold                   Conjuration/Ice              6
   e - Freezing Cloud                 Conjuration/Ice/Air          6
   f - Simulacrum                     Ice/Necromancy               6
Miscellaneous
 G - a crystal ball of energy
 X - a fan of gales
Comestibles
 f - 26 rations


   Skills:
 + Level 9.9 Fighting
 + Level 12.0 Maces & Flails
 + Level 9.5 Armour
 + Level 3.6 Dodging
 + Level 11.6 Shields
 * Level 9.2 Spellcasting
 * Level 9.1 Translocations
 * Level 9.5 Invocations
 + Level 0.9 Evocations


You had 29 spell levels left.
You knew the following spells:

 Your Spells              Type           Power        Failure   Level  Hunger
a - Blink                 Tloc           N/A          1%          2    #......


Dungeon Overview and Level Annotations

Branches:
Dungeon (12/15)            Temple (0/1) D:4            Lair (6/6) D:8
  Swamp (0/4) Lair:4       Spider (0/4) Lair:2        Slime (0/5) Lair:6
    Orc (0/2) D:9

Altars:
Cheibriados
Dithmenos
Elyvilon
Nemelex Xobeh
Sif Muna
Trog
Uskayaw
Vehumet
Yredelemnul
The Shining One

Shops:
D:8 ?   D:9 (

Annotations:
D:5 1 exclusion


Innate Abilities, Weirdness & Mutations

You are resistant to torment.
Your stone body is resilient. (AC +10)
You are immune to poison.
Your large and strong wings let you fly indefinitely.
You resist negative energy. (rN+)
You are resistant to electric shocks. (rElec)
You can survive without breathing.
You are immune to petrification.
You are immune to rotting.
You have a pair of small horns on your head.
You are partially covered in thin metallic scales. (AC +2)
Your muscles are strong. (Str +2)


Message History

You block the red ugly thing's attack.
You hit the red ugly thing.
Your headbutt misses the red ugly thing.
The red ugly thing is severely wounded.
The red ugly thing tail-slaps you but does no damage.
You hit the red ugly thing but do no damage.
The red ugly thing is severely wounded.
The red ugly thing tail-slaps you but does no damage.
Your shield and ice dragon scales prevent you from hitting the red ugly thing.
The red ugly thing is severely wounded.
The red ugly thing tail-slaps you but does no damage.
You sock the red ugly thing!
You headbutt the red ugly thing, but do no damage.
The red ugly thing is almost dead.
The red ugly thing tail-slaps you but does no damage.
You hit the red ugly thing but do no damage.
The red ugly thing is severely wounded.
The red ugly thing tail-slaps you.
You are engulfed in flames!!
The fire burns you terribly!
You die...

## #### #..
..########## ..
#.#........#
#.##.#.######.#
#......# #.#
####@###
####†#### #u#
#.......# ..#
#.##.##># ....
#.#...#.# ...(.
#.#.#.#.#
.......
#.#...#.#
.....%..
#.##.##.#
.........#
#.......#
###.#.###


You could see a red ugly thing.

Vanquished Creatures
  Gastronok (D:8)
  Fannar (D:11)
  The ghost of RebellionBird the Arsonist, a journeyman DrFE of Vehumet (Lair:2)
  An ice dragon (Lair:6)
  8 hydras
  A catoblepas (Lair:5)
  5 two-headed ogres
  A deep troll shaman (Lair:6)
  The ghost of Artool the Basher, a novice DsBe of Trog (D:9)
  14 death yaks
  Pikel (D:9)
  The ghost of Artool the Thaumaturge, a novice DEFE of Vehumet (D:8)
  2 ugly things
  An orb spider (shapeshifter) (D:9)
  An ice statue (Lair:2)
  13 elephants
  5 black mambas
  A torpor snail (Lair:6)
  4 spiny frogs
  A rime drake (Lair:5)
  7 komodo dragons
  An ice devil (Lair:2)
  2 trolls
  2 polar bears (Lair:6)
  A queen bee (D:7)
  7 hippogriffs
  18 blink frogs
  The ghost of Chudej the Conjurer, an amateur DECj (D:3)
  34 yaks
  A vampire (D:10)
  3 wyverns
  2 basilisks
  3 hungry ghosts (D:10)
  8 water moccasins
  7 porcupines
  A slave (D:9)
  5 orc warriors
  An eye of draining (D:10)
  12 ice beasts
  4 black bears
  2 hornet zombies
  4 sky beasts
  3 phantoms
  5 ogres
  11 wolves (Lair:6)
  3 centaurs
  10 crocodiles
  A big kobold (D:8)
  6 bullfrogs
  A gnoll sergeant (D:3)
  A wyvern zombie (D:10)
  6 scorpions
  27 killer bees
  6 electric eels
  5 howler monkeys
  3 crimson imps
  3 jellies
  A quasit (D:9)
  9 orc priests
  Crazy Yiuf (D:6)
  4 gnoll shamans
  15 orc wizards
  2 bullfrog skeletons
  3 centaur skeletons (D:10)
  4 hounds
  Jessica (D:3)
  4 iguanas
  Natasha (thrice) (D:2)
  15 worker ants
  A killer bee zombie (D:9)
  3 hound zombies
  4 hound skeletons
  2 worker ant zombies
  49 gnolls
  16 adders
  4 shadow imps
  4 white imps
  An ooze (D:7)
  An adder zombie (D:7)
  2 adder skeletons
  5 worms
  2 dart slugs (D:2)
  6 leopard geckos
  45 orcs
  8 bats
  6 giant cockroaches
  12 goblins
  4 hobgoblins
  31 jackals
  13 kobolds
  6 quokkas
  A ball python (D:2)
  A ball python skeleton (D:4)
  11 frilled lizards
  2 gnoll zombies (D:3)
  A jackal skeleton (D:8)
  A leopard gecko skeleton (D:4)
  A leopard gecko zombie (D:5)
  2 quokka skeletons
  6 rats
594 creatures vanquished.

Vanquished Creatures (others)
  A gargoyle (D:10)
  11 fungi
  7 plants
19 creatures vanquished.

Grand Total: 613 creatures vanquished

Notes
Turn   | Place    | Note
-------+----------+-------------------------------------------
     0 | D:1      | PikkenKukken the Gargoyle Fighter began the quest for the Orb.
     0 | D:1      | Reached XP level 1. HP: 14/14 MP: 1/1
    66 | D:1      | Reached XP level 2. HP: 18/19 MP: 2/2
   349 | D:1      | Reached XP level 3. HP: 22/23 MP: 3/3
   976 | D:2      | Reached XP level 4. HP: 24/28 MP: 4/4
  1002 | D:2      | Reached skill level 3 in Maces & Flails
  1138 | D:2      | Gained mutation: Scrolls take you a little longer to read. [potion of mutation]
  1138 | D:2      | Gained mutation: You are partially covered in large bone plates. (SH +4) [potion of mutation]
  1139 | D:2      | Lost mutation: Scrolls take you a little longer to read. [potion of mutation]
  1139 | D:2      | Lost mutation: You are partially covered in large bone plates. (SH +4) [potion of mutation]
  1139 | D:2      | Gained mutation: Your muscles are strong. (Str +2) [potion of mutation]
  1139 | D:2      | Gained mutation: Your muscles are very strong. (Str +4) [potion of mutation]
  1139 | D:2      | Gained mutation: Your large and strong wings let you fly indefinitely. [potion of mutation]
  1154 | D:2      | Noticed Natasha
  1171 | D:2      | Killed Natasha
  1257 | D:2      | Noticed Natasha
  1266 | D:2      | Killed Natasha
  1266 | D:2      | Reached XP level 5. HP: 19/33 MP: 5/5
  1777 | D:2      | Noticed Natasha
  1784 | D:2      | Killed Natasha
  2077 | D:3      | Noticed Chudej's ghost (amateur DECj)
  2200 | D:3      | Found a glowing golden altar of the Shining One.
  2205 | D:3      | Became a worshipper of the Shining One
  2221 | D:3      | Noticed Jessica
  2558 | D:3      | Reached skill level 4 in Maces & Flails
  2787 | D:3      | Reached skill level 1 in Dodging
  2787 | D:3      | Reached XP level 6. HP: 38/38 MP: 6/6
  3101 | D:3      | Killed Chudej's ghost
  3101 | D:3      | Reached skill level 5 in Shields
  3340 | D:3      | Reached XP level 7. HP: 43/43 MP: 7/7
  3443 | D:3      | Reached skill level 5 in Maces & Flails
  3763 | D:3      | Reached * piety under the Shining One
  4143 | D:3      | Killed Jessica
  4367 | D:3      | Reached XP level 8. HP: 41/48 MP: 8/8
  4394 | D:3      | Reached skill level 6 in Maces & Flails
  4811 | D:3      | Learned a level 2 spell: Blink
  5028 | D:3      | Found a basalt altar of Yredelemnul.
  5335 | D:3      | Reached skill level 1 in Translocations
  5355 | D:3      | Reached skill level 1 in Invocations
  5818 | D:4      | Found a staircase to the Ecumenical Temple.
  5863 | D:4      | Reached ** piety under the Shining One
  5870 | D:4      | Reached skill level 1 in Spellcasting
  5952 | D:4      | Found a radiant altar of Vehumet.
  5954 | D:4      | Found a sparkling altar of Nemelex Xobeh.
  5954 | D:4      | Found a deep blue altar of Sif Muna.
  6012 | D:4      | Reached skill level 5 in Armour
  6401 | D:5      | Entered Level 5 of the Dungeon
  6541 | D:5      | Reached XP level 9. HP: 53/53 MP: 11/11
  6710 | D:5      | Reached skill level 5 in Fighting
  6857 | D:5      | Reached skill level 7 in Maces & Flails
  7392 | D:4      | Found a snail-covered altar of Cheibriados.
  7392 | D:4      | Found a shadowy altar of Dithmenos.
  8277 | D:6      | Found a bloodstained altar of Trog.
  8910 | D:6      | Found a runed door.
  8947 | D:6      | Found a hide-covered altar of Uskayaw.
  9212 | D:6      | Noticed Crazy Yiuf
  9218 | D:6      | Killed Crazy Yiuf
  9646 | D:7      | Noticed a two-headed ogre
  9667 | D:7      | Killed a two-headed ogre
  9667 | D:7      | Reached skill level 8 in Maces & Flails
  9667 | D:7      | Reached XP level 10. HP: 31/60 MP: 11/15
 10541 | D:7      | Reached *** piety under the Shining One
 11070 | D:8      | Noticed Gastronok
 11432 | D:8      | Noticed Artool's ghost (novice DEFE)
 11737 | D:8      | Noticed a two-headed ogre
 11915 | D:8      | Killed Gastronok
 11915 | D:8      | Reached skill level 5 in Invocations
 11915 | D:8      | Reached XP level 11. HP: 23/65 MP: 14/17
 12180 | D:7      | Killed a two-headed ogre
 12180 | D:7      | Reached skill level 5 in Translocations
 12518 | D:8      | Killed Artool's ghost
 12556 | D:8      | Noticed a two-headed ogre
 12576 | D:8      | Killed a two-headed ogre
 12576 | D:8      | Reached skill level 9 in Maces & Flails
 12639 | D:8      | Found a staircase to the Lair.
 12693 | D:8      | Reached skill level 5 in Spellcasting
 12796 | D:8      | Found Tuibanogh's Magic Scroll Emporium.
 12819 | D:8      | Bought a scroll of enchant armour for 90 gold pieces
 12819 | D:8      | Bought 3 scrolls of teleportation for 108 gold pieces
 12819 | D:8      | Bought a scroll of identify for 24 gold pieces
 12819 | D:8      | Bought a scroll of enchant weapon for 90 gold pieces
 12819 | D:8      | Bought a scroll of identify for 24 gold pieces
 12819 | D:8      | Bought a scroll of identify for 24 gold pieces
 12819 | D:8      | Bought a scroll of identify for 24 gold pieces
 12819 | D:8      | Bought 3 scrolls of identify for 72 gold pieces
 13496 | D:9      | Noticed Artool's ghost (novice DsBe)
 13727 | D:9      | Noticed an orb spider
 13727 | D:9      | a hornet changed into an orb spider
 13731 | D:9      | Noticed a two-headed ogre
 13746 | Lair:1   | Entered Level 1 of the Lair of Beasts
 14241 | Lair:1   | Noticed a seven-headed hydra
 14301 | Lair:1   | Killed a seven-headed hydra
 14843 | Lair:2   | Noticed RebellionBird's ghost (journeyman DrFE)
 15168 | Lair:2   | Found a hole to the Spider Nest.
 15277 | Lair:2   | Reached XP level 12. HP: 72/72 MP: 20/20
 16184 | Lair:2   | Killed RebellionBird's ghost
 16184 | Lair:2   | Reached skill level 10 in Maces & Flails
 16455 | Lair:2   | Noticed a four-headed hydra
 16475 | Lair:2   | Killed a four-headed hydra
 18525 | Lair:3   | Noticed a four-headed hydra
 18599 | Lair:2   | Killed a four-headed hydra
 18599 | Lair:2   | Reached skill level 10 in Shields
 19024 | Lair:3   | Found a labyrinth entrance.
 19409 | Lair:3   | Reached XP level 13. HP: 66/78 MP: 23/23
 20077 | Lair:4   | Found a staircase to the Swamp.
 21111 | Lair:5   | Reached **** piety under the Shining One
 22651 | Lair:5   | Reached skill level 11 in Maces & Flails
 23511 | Lair:6   | Entered Level 6 of the Lair of Beasts
 23883 | Lair:6   | Found a staircase to the Slime Pits.
 24035 | Lair:6   | Found a dark tunnel.
 24646 | Lair:5   | Mutation became permanent: Your large and strong wings let you fly indefinitely. [Gargoyle growth]
 24646 | Lair:5   | Gained mutation: Your large and strong wings let you fly indefinitely. [Gargoyle growth]
 24646 | Lair:5   | Reached XP level 14. HP: 86/86 MP: 26/26
 24860 | Lair:6   | Lost mutation: Your muscles are very strong. (Str +4) [potion of mutation]
 24860 | Lair:6   | Gained mutation: You have a pair of small horns on your head. [potion of mutation]
 24860 | Lair:6   | Gained mutation: You are partially covered in thin metallic scales. (AC +2) [potion of mutation]
 27766 | D:9      | Found Ethrirhudgh's Weapon Emporium.
 27861 | D:9      | Reached ***** piety under the Shining One
 27920 | D:9      | Killed Artool's ghost
 28195 | D:9      | Noticed Pikel
 28204 | D:9      | Killed Pikel
 28227 | D:9      | Identified a scroll of acquirement
 28267 | D:9      | Found a staircase to the Orcish Mines.
 28507 | D:10     | Entered Level 10 of the Dungeon
 28649 | D:10     | Found a white marble altar of Elyvilon.
 29363 | D:11     | Noticed Fannar
 29402 | D:11     | Killed Fannar
 29580 | D:11     | Found a shadowy altar of Dithmenos.
 29584 | D:11     | Reached skill level 12 in Maces & Flails
 30181 | D:12     | Slain by a red ugly thing

Skill      XL: |  1  2  3  4  5  6  7  8  9 10 11 12 13 14 |
---------------+-------------------------------------------+-----
Maces & Flails | 3 4 5 6 8 9 10 11 12 | 12.0
Shields        | 4 5 6 7 8 9 10 11 | 11.6
Armour         | 4 5 6 7 8 9 |  9.5
Dodging        | 1 2 3 |  3.6
Fighting       | 4 5 6 7 8 9 |  9.9
Translocations | 2 3 4 5 7 8 9 |  9.1
Invocations    | 2 4 5 6 7 8 9 |  9.5
Spellcasting   | 1 3 4 5 7 8 9 |  9.2
Evocations     | |  0.9

Action                   |  1- 3 |  4- 6 |  7- 9 | 10-12 | 13-15 || total
-------------------------+-------+-------+-------+-------+-------++-------
Melee: Flail             |   155 |   196 |    96 |       |       ||   447
       Whip              |       |       |   664 |  1233 |  1349 ||  3246
       Eveningstar       |       |       |       |       |   248 ||   248
       Headbutt          |       |       |       |       |   223 ||   223
 Cast: Blink             |       |       |       |       |     2 ||     2
Invok: Divine Shield     |       |       |     1 |    10 |     1 ||    12
 Abil: Fly               |       |     1 |       |     1 |     1 ||     3
       Stop Flying       |       |     1 |       |       |     1 ||     2
       Evoke Berserk Rag |       |       |       |     3 |     5 ||     8
  Use: Scroll            |     5 |     5 |     5 |     4 |     4 ||    23
       Potion            |     1 |     8 |     4 |       |     4 ||    17
  Eat: Chunk             |     1 |     3 |    13 |    14 |    24 ||    55
       Ration            |       |     2 |     2 |     6 |     5 ||    15
Armor: Scale mail        |    76 |   126 |    84 |       |       ||   286
       Chain mail        |       |       |   150 |   415 |   116 ||   681
       Plate armour      |       |       |       |       |   190 ||   190
       Ice dragon scales |       |       |       |       |   184 ||   184
Dodge: Dodged            |    48 |    62 |   164 |   227 |   339 ||   840
Block: Shield            |    79 |   123 |   356 |   615 |   684 ||  1857
